Unix NetHack Version 5.0.0-0 post-release - last build May 22 2026 02:22:16 (99d1c3b6dc4b13757aaa5824b55bdea4e1e63757,branch:main).

Game began 2026-05-22 09:42:57, ended 2026-05-22 10:29:47.

FutureTim, lawful female human Valkyrie

                        --------------------------------
                        -..............................|
                        |...--------.......-----------.|
                        |...|++]|..|------.|         +.|
                        |...|+?+|..|.....|.|  |      |.|      --------
                        |...|...|-||..@..|.--|-   ----.|#     |......|
                        |...---|-..|..@..|....-+---....|######-......|
                        |..........|.f...|.............-######|..<...|
                        |........{.-----|-.{...........|      --------
                        |..............................|
                        |...---|-...........-+---+--...|
                        ....|...|-------.---|      |...|
                        |...|((.|  |%%.-.|..|      |...|
                        |...|(..|  |%!.|.-..|---   |...|
                        |...-----+------.----..-----...|
                        |..............................|
                        --------------------------------

FutureTim the Fighter       St:18/04 Dx:12 Co:17 In:8 Wi:9 Ch:9  Lawful
Dlvl:6  $:173 HP:0(46) Pw:16(16) AC:2  Xp:6 T:2363 

Latest messages:
 The door opens.
 The door opens.
 "Velkommen, FutureTim!  Welcome to Culdaff's rare books!"
 You see here an unlabeled scroll (for sale, 80 zorkmids).
 You see here a leathery spellbook (for sale, 400 zorkmids).
 You do not owe Culdaff anything.
 The door opens.
 "Velkommen, FutureTim!  Welcome to Parbalingga's delicatessen!"
 You do not owe Parbalingga anything.
 You see here a clear potion (for sale, 7 zorkmids).
 You see here 2 food rations (for sale, 120 zorkmids).
 You see here a slime mold (for sale, 23 zorkmids).
 You see here a clear potion (for sale, 7 zorkmids).
 You stop.  Your housecat is in the way!
 You swap places with your housecat.
 The housecat bites the gecko.
 The gecko misses the housecat.
 The housecat bites the gecko.
 The gecko misses the housecat.
 The housecat misses the gecko.
 The housecat bites the gecko.
 The gecko misses the housecat.
 You swap places with your housecat.
 The gecko misses!
 You kill the gecko!
 You see here a gecko corpse.
 F - a gecko corpse.
 You have a forbidding feeling...
 What do you want to sacrifice? [F or ?*] F
 Your sacrifice is consumed in a flash of light!
 You sense a conflict between Tyr and Odin.
 You feel the power of Tyr increase.
 The altar glows white.
 The priestess of Odin gets angry!
 The priestess of Odin hurls a cloudy potion!
 The bottle crashes on your head and breaks into shards.
 The cloudy potion evaporates.
 Something seems to be holding you.
 The priestess of Odin wields a mace!
 The mace welds itself to the priestess of Odin's hand!
 The priestess of Odin kicks!
 The priestess of Odin casts a spell at you!
 The priestess of Odin swings her mace.
 The priestess of Odin hits!
 You die...
 Do you want your possessions identified? [ynq] (y) n
 Do you want to see your attributes? [ynq] (y) n
 Do you want an account of creatures vanquished? [ynaq] (y) n
 Do you want to see your conduct and achievements? [ynq] (y) n
 Do you want to see the dungeon overview? [ynq] (y) y

Inventory:
 Coins    ('$')
  $ - 173 gold pieces
 Weapons  (')')
  p - 15 +0 arrows
  q - a +0 bow
  b - a +0 dagger (alternate weapon; not wielded)
  a - a +1 spear (weapon in right hand)
 Armor    ('[')
  f - an uncursed +0 orcish helm (being worn)
  s - an uncursed +0 pair of iron shoes (being worn)
  c - an uncursed +3 small shield (being worn)
  t - a cursed -2 dwarvish cloak (being worn)
  n - an uncursed +0 studded leather armor (being worn)
 Comestibles  ('%')
  u - an uncursed clove of garlic
 Scrolls  ('?')
  l - a blessed scroll of confuse monster
 Potions  ('!')
  v - an uncursed potion of healing
  k - an uncursed potion of sleeping
 Rings    ('=')
  m - an uncursed ring of conflict
 Wands    ('/')
  e - a wand of light (0:10)
  B - a wand of undead turning (0:5)
 Tools    ('(')
  D - an uncursed brass lantern
  A - an uncursed stethoscope
  E - an uncursed tin whistle
 Gems/Stones  ('*')
  C - an uncursed worthless piece of red glass

FutureTim the Valkyrie's attributes:

Background:
 You were a Fighter, a level 6 human Valkyrie.
 You were lawful, on a mission for Tyr
 who was opposed by Odin (neutral) and Loki (chaotic).
 You were right-handed.
 You were in the Gnomish Mines, on level 6.
 You entered the dungeon 2363 turns ago.
 You had 448 experience points, 192 more were needed to attain level 7.

Basics:
 You had 0 out of 46 hit points.
 You had all 16 energy points (spell power).
 Your armor class was 2.
 Your wallet contained 173 zorkmids.
 Autopickup was off.

Final Characteristics:
 Your strength was 18/04 (limit:18/100).
 Your dexterity was 12 (limit:18).
 Your constitution was 17 (limit:18).
 Your intelligence was 8 (limit:18).
 Your wisdom was 9 (limit:18).
 Your charisma was 9 (limit:18).

Final Status:
 You weren't hungry.
 You were unencumbered.
 You were wielding a spear.
 You had basic skill with spear and could have enhanced that.

Final Attributes:
 You were piously aligned.
 Your items were somewhat protected from fire.
 You were cold resistant.
 Your items were somewhat protected from cold.
 You were stealthy.
 You were warded.
 You were lucky.
 You are dead.

Miscellaneous:
 You didn't encounter any bones levels.
 Total elapsed playing time was 46 minutes and 50 seconds.

Major events:
 Turn
    1: FutureTim the lawful human Valkyrie entered the dungeon
  503: attained the rank of Skirmisher (level 3)
  926: entered the Gnomish Mines
 1627: attained the rank of Fighter (level 6)
 2120: reached Mine Town
 2363: killed by a priestess of Odin, while paralyzed by a monster

Spells:
 Name                 Level Category     Fail Retention
 knock                  1   matter        98%  76%-100%

Skills:
 Fighting Skills
   bare handed combat [Unskilled]
   two weapon combat  [Unskilled]
   riding             [Unskilled]
 Weapon Skills
   dagger             [Basic]
   axe                [Unskilled]
   pick-axe           [Unskilled]
   short sword        [Unskilled]
   broadsword         [Unskilled]
   long sword         [Unskilled]
   two-handed sword   [Unskilled]
   saber              [Unskilled]
   hammer             [Unskilled]
   quarterstaff       [Unskilled]
   polearms           [Unskilled]
   spear              [Basic]
   trident            [Unskilled]
   lance              [Unskilled]
   sling              [Unskilled]
 Spellcasting Skills
   attack spells      [Unskilled]
   escape spells      [Unskilled]

Voluntary challenges:
 Character rerolling was not enabled.
 You never genocided any monsters.
 You never polymorphed an object.
 You never changed form.
 You used no wishes.
Achievements:
 You attained the rank of Skirmisher.
 You entered the Gnomish Mines.
 You attained the rank of Fighter.
 You entered Minetown.
 You entered a temple.
 You entered a shop.

 The Dungeons of Doom: levels 1 to 3
    Level 1:
       An altar to Tyr, a fountain.
    Level 2:
       A sink.
    Level 3:
       A fountain.
       Stairs down to The Gnomish Mines.
 The Gnomish Mines: levels 4 to 6
    Level 4:
    Level 5:
    Level 6: <- You were here.
       Many shops, a temple and an altar to Tyr, some fountains.
       Final resting place for
          you, killed by a priestess of Odin, while paralyzed by a monster.


Vanquished creatures:
  a small mimic
 an imp
  4 Uruk-hai
  a rock mole
  a fog cloud
  4 gnome leaders
  2 gnomish wizards
 an elf zombie
  a paper golem
  a floating eye
  4 dwarves
  2 orc zombies
  2 dwarf zombies
  a wererat
  a large kobold
  a giant rat
  2 yellow molds
 22 gnomes
  a gecko
  2 jackals
  3 kobolds
  3 goblins
  2 sewer rats
  2 grid bugs
  a bat
  2 lichens
  2 newts
70 creatures vanquished.

No species were genocided or became extinct.

Game over:
                       ----------
                      /          \
                     /    REST    \
                    /      IN      \
                   /     PEACE      \
                  /                  \
                  |    FutureTim     |
                  |      173 Au      |
                  |   killed by a    |
                  |   priestess of   |
                  |       Odin       |
                  |                  |
                  |       2026       |
                 *|     *  *  *      | *
        _________)/\\_//(\/(/\)/\//\/|_)_______

Farvel FutureTim the Valkyrie...

You died in The Gnomish Mines on dungeon level 6 with 2228 points,
and 173 pieces of gold, after 2363 moves.
You were level 6 with a maximum of 46 hit points when you died.

